AoeStats
← ImTeso24TTV

Arabia

510648951Analyzed
1v1 RM · 19h ago on Oct 2, 2026· 37m 57s· 2 players
Game mode
Random Map
Map size
Tiny (2 player)
Population
200
Speed
Normal
Resources
Standard
Victory
Conquest
Starting age
Dark Age
Ending age
Imperial Age
RankedLock teamsTeams togetherTeam positionsShared explorationLock speedFull tech treeHidden civsTurbo modeCheats
Victory
Defeat
🇨🇴 Varangians · Colombia
1357
+13
🇲🇽 Varangians · Mexico
1293
-13
deimmossq
6:50 Loom
9:31 Feudal Age
9:59 Double-Bit Axe
10:34 Man-at-Arms
13:45 Arson
20:59 Fletching
22:11 Town Watch
24:57 Castle Age
23:13 Horse Collar
24:20 Padded Archer Armor
26:47 Bow Saw
27:01 Bodkin Arrow
33:26 Elite Skirmisher
34:44 Heavy Plow
35:55 Ballistics
36:33 Wheelbarrow
ImTeso24TTV
6:52 Loom
9:09 Feudal Age
9:54 Double-Bit Axe
10:34 Horse Collar
14:39 Bloodlines
15:20 Town Watch
15:46 Town Watch
17:03 Fletching
22:24 Castle Age
20:43 Padded Archer Armor
22:13 Gold Mining
23:04 Bodkin Arrow
22:35 Crossbowman
24:34 Ballistics
23:49 Light Cavalry
26:39 Bow Saw
26:32 Heavy Plow
26:18 Town Watch
27:12 Wheelbarrow
26:36 Town Watch
29:41 Leather Archer Armor
30:59 Scale Barding Armor
31:21 Forging
34:45 Hand Cart
37:55 Imperial Age
35:51 Chain Barding Armor
36:03 Husbandry
36:54 Iron Casting
36:43 Treadmill Crane
37:17 Stone Mining
Connection lost

Rejoining the realm…

Still unreachable

The connection could not be restored.

Session expired

The server has moved on; the page needs a fresh start.